AoeStats
← acetiner

Black Forest

510424739Analyzed
4v4 RM · 1d ago on Oct 1, 2026· 53m 9s· 8 players
Game mode
Random Map
Map size
Large (8 player)
Population
200
Speed
Normal
Resources
Standard
Victory
Conquest
Starting age
Dark Age
Ending age
Imperial Age
RankedLock teamsTeams togetherTeam positionsShared explorationLock speedFull tech treeHidden civsTurbo modeCheats
Victory
Defeat
🇻🇪 Persians · Venezuela
772
+13
🇺🇸 Romans · United States
771
+13
🇹🇷 Huns · Türkiye
671
+17
🇧🇷 Vietnamese · Brazil
643
+17
710
-16
🇨🇱 Byzantines · Chile
702
-15
🇵🇪 Bohemians · Peru
692
-15
🇵🇱 Poles · Poland
674
-14
隊友不准投降不准弱
1:42 Loom
3:24 Loom
12:14 Feudal Age
12:52 Horse Collar
13:06 Double-Bit Axe
19:21 Castle Age
17:24 Town Watch
20:07 Heavy Plow
28:35 Caravan
32:41 Imperial Age
32:20 Bow Saw
33:35 Siege Engineers
35:51 Onager
37:30 Northmen's Fury
39:32 Chemistry
38:44 Masonry
39:40 Siege Onager
40:49 Heavy Scorpion
40:50 Capped Ram
44:01 Siege Ram
IGOR81926
0:56 Loom
13:27 Feudal Age
14:43 Town Watch
22:03 Castle Age
26:04 Fletching
33:36 Bodkin Arrow
34:48 Wheelbarrow
36:15 Padded Archer Armor
41:21 Imperial Age
42:50 Scale Mail Armor
43:04 Forging
44:11 Chemistry
44:18 Hand Cart
44:12 Squires
45:06 Pikeman
45:53 Halberdier
48:36 Chain Mail Armor
SkaZaNy1906
0:29 Loom
13:20 Feudal Age
14:22 Horse Collar
14:29 Double-Bit Axe
17:19 Wheelbarrow
21:10 Castle Age
19:06 Fishing Lines
19:26 Stone Mining
19:41 Gold Mining
23:29 Bow Saw
23:59 Town Watch
25:16 Heavy Plow
27:09 Hand Cart
27:10 Forging
27:08 Scale Barding Armor
27:05 Scale Mail Armor
26:56 Treadmill Crane
28:57 Fortified Wall
32:06 Imperial Age
31:33 Stone Shaft Mining
34:56 Conscription
34:42 Szlachta Privileges
35:46 Chemistry
35:08 Ballistics
35:12 Bloodlines
35:04 Husbandry
34:25 Light Cavalry
35:25 Chain Mail Armor
35:51 Iron Casting
38:15 Winged Hussar
43:50 Crop Rotation
45:12 Squires
44:34 Pikeman
45:09 Cavalier
46:36 Arrowslits
47:01 Siege Engineers
47:05 Onager
50:01 Blast Furnace
49:33 Plate Mail Armor
49:24 Chain Barding Armor
49:08 Caravan
50:42 Elite Obuch
jucealegria
17:06 Feudal Age
15:22 Loom
19:01 Double-Bit Axe
19:00 Horse Collar
19:59 Wheelbarrow
20:03 Gold Mining
20:06 Stone Mining
25:11 Castle Age
29:28 Hand Cart
29:52 Stone Shaft Mining
29:56 Gold Shaft Mining
29:37 Caravan
30:25 Bow Saw
30:19 Heavy Plow
30:20 Arson
30:39 Squires
36:31 Imperial Age
35:56 Ballistics
35:06 Pikeman
36:14 Forging
35:55 Fletching
36:07 Padded Archer Armor
36:07 Scale Mail Armor
36:13 Scale Barding Armor
37:28 Elite Varangian Guard
38:48 Halberdier
40:13 Crop Rotation
40:39 Iron Casting
40:00 Bodkin Arrow
40:21 Leather Archer Armor
40:22 Chain Mail Armor
42:19 Chemistry
JAVIXVZLA
0:30 Loom
11:10 Feudal Age
12:01 Double-Bit Axe
13:34 Town Watch
14:06 Horse Collar
20:14 Castle Age
18:37 Stone Mining
19:52 Gold Mining
22:31 Heavy Plow
25:04 Wheelbarrow
25:52 Gold Shaft Mining
25:33 Bow Saw
26:54 Hand Cart
30:03 Imperial Age
28:56 Man-at-Arms
29:39 Squires
29:00 Pikeman
29:04 Light Cavalry
30:38 Heavy Scorpion
32:49 Crop Rotation
33:34 Scale Barding Armor
33:54 Ballistics
34:38 Bloodlines
37:05 Chemistry
36:44 Chain Barding Armor
38:10 Plate Barding Armor
37:56 Fortified Wall
38:37 Scale Mail Armor
38:49 Forging
39:05 Ballistas
39:21 Conscription
42:16 Halberdier
43:43 Iron Casting
43:23 Chain Mail Armor
46:39 Conscription
46:42 Comitatenses
48:37 Blast Furnace
47:28 Fletching
47:39 Padded Archer Armor
48:15 Siege Engineers
48:06 Murder Holes
48:24 Masonry
52:19 Leather Archer Armor
52:00 Bodkin Arrow
53:08 Caravan
brunox.acosta
3:31 Loom
10:20 Feudal Age
11:03 Horse Collar
11:13 Double-Bit Axe
20:21 Castle Age
19:11 Stone Mining
21:18 Heavy Plow
21:32 Bow Saw
23:18 Stone Shaft Mining
23:57 Gold Mining
25:58 Wheelbarrow
25:09 Town Watch
28:44 Scale Barding Armor
28:50 Forging
31:15 Imperial Age
29:34 Light Cavalry
30:26 Bloodlines
30:17 Husbandry
30:53 Chain Barding Armor
31:09 Iron Casting
31:00 Hand Cart
31:00 Hussar
32:46 Crop Rotation
33:47 Plate Barding Armor
33:59 Gold Shaft Mining
35:14 Stone Shaft Mining
35:54 Two-Man Saw
35:36 Elite War Elephant
37:28 Cavalier
38:48 Ballistics
38:42 Masonry
38:49 Savar
41:05 Blast Furnace
43:12 Fletching
44:24 Chemistry
43:55 Architecture
48:16 Conscription
viny
1:18 Loom
13:57 Feudal Age
17:26 Horse Collar
19:40 Town Watch
20:31 Wheelbarrow
19:56 Double-Bit Axe
25:14 Castle Age
27:01 Fletching
28:46 Hand Cart
32:09 Bodkin Arrow
34:45 Gold Mining
40:49 Imperial Age
40:00 Bow Saw
44:42 Chemistry
45:37 Ballistics
acetiner
0:35 Loom
16:55 Feudal Age
18:59 Horse Collar
19:11 Double-Bit Axe
19:27 Stone Mining
19:32 Gold Mining
26:22 Forging
26:13 Scale Mail Armor
26:19 Scale Barding Armor
26:05 Fletching
26:15 Padded Archer Armor
29:19 Castle Age
30:05 Bloodlines
32:15 Iron Casting
31:37 Light Cavalry
32:18 Husbandry
33:37 Heavy Plow
34:44 Marauders
36:15 Wheelbarrow
37:27 Hand Cart
38:33 Gold Shaft Mining
38:11 Bow Saw
42:06 Imperial Age
39:54 Bodkin Arrow
40:33 Masonry
40:19 Murder Holes
40:46 Ballistics
45:20 Blast Furnace
44:41 Chain Barding Armor
44:24 Bracer
43:54 Elite Tarkan
46:42 Two-Man Saw
48:25 Plate Barding Armor
48:06 Chain Mail Armor
49:52 Conscription
49:04 Sappers
49:56 Atheism
50:38 Man-at-Arms
50:39 Pikeman
51:19 Squires
51:39 Cavalier
53:31 Chemistry
52:19 Town Watch
52:03 Long Swordsman
52:29 Arson
52:57 Two-Handed Swordsman
52:58 Halberdier
Connection lost

Rejoining the realm…

Still unreachable

The connection could not be restored.

Session expired

The server has moved on; the page needs a fresh start.